 Dungeon Crawl Stone Soup version 0.31.0-12-g77e489cdc1 (webtiles) character file.

Game seed: 6877565950495355167

8871 Gadfly the Covert (level 11, -3/50 (56) HPs)
             Began as a Spriggan Enchanter on Feb 18, 2024.
             Was an Initiate of Gozag.
             Slain by Harold
             ... wielding a +2 battleaxe of draining
              (6 damage)
             ... on level 10 of the Dungeon.
             The game lasted 00:25:22 (11538 turns).

Gadfly the Covert (Spriggan Enchanter)             Turns: 11538, Time: 00:25:24

HP:   -3/50 (56)    AC:  4    Str:  4      XL:     11   Next: 15%
MP:   21/24         EV: 20    Int: 17      God:    Gozag
Gold: 2678          SH:  0    Dex: 12 (20) Spells: 18/26 levels left

rFire   . . .        a - +3 dagger (venom)
rCold   + . .        F - orb {*channel}
rNeg    . . .        G - +1 robe {rF+}
rPois   .            t - +0 hat
rElec   .            L - +0 cloak
rCorr   .            (gloves unavailable)
SInv    +            (boots unavailable)
Will    +....        q - amulet of regeneration
Stlth   +++++        m - ring of ice
HPRegen 1.08/turn    (no ring)
MPRegen 0.19/turn

%: channel magic (20%)
@: confusing by touch, heavily drained, very quick
A: very small, no large weapons, unfitting armour, see invisible, speed 3
a: Renounce Religion, Potion Petition, Call Merchant, Bribe Branch


You were on level 10 of the Dungeon.
You worshipped Gozag.
Gozag was most pleased with you.
You visited 2 branches of the dungeon, and saw 11 of its levels.
You also visited: Sewer and Ossuary.

You collected 3102 gold pieces.
You spent 336 gold pieces at shops.
You paid 88 gold pieces to Gozag.

Inventory:

Hand Weapons
 a - a +3 dagger of venom (weapon)
 b - a +2 rapier of speed
 g - a +1 dagger of flaming
 i - the +11 falchion "Demonslayer" {drain, rElec rN++ Will+ Dex-5}
   (You found it on level 6 of the Dungeon)

   Dex-5:     It affects your dexterity (-5).
   rElec:     It insulates you from electricity.
   rN++:      It greatly protects you from negative energy.
   Will+:     It increases your willpower.
 v - a +1 short sword of holy wrath
Missiles
 l - 2 throwing nets
Armour
 f - a scarf of invisibility
 t - a +0 hat (worn)
 F - an orb of energy (worn)
 G - a +1 robe of fire resistance (worn)
 L - a +0 cloak (worn)
Jewellery
 m - a ring of ice (left hand)
 q - an amulet of regeneration (around neck)
Wands
 p - a wand of flame (20)
 E - a wand of paralysis (23)
 J - a wand of iceblast (6)
Scrolls
 d - a scroll of poison
 k - 3 scrolls of enchant armour
 o - 4 scrolls of teleportation
 u - a scroll of blinking
 w - a scroll of enchant weapon
 y - 3 scrolls of fog
 C - a scroll of vulnerability
 D - a scroll of identify
 H - a scroll of revelation
Potions
 c - 2 potions of invisibility
 e - 2 potions of might
 h - a potion of ambrosia
 j - 9 potions of curing
 n - 3 potions of enlightenment
 r - a potion of cancellation
 s - 3 potions of lignification
 x - 2 potions of haste
 z - 3 potions of attraction
 A - 2 potions of mutation
 B - 2 potions of brilliance
 I - a potion of heal wounds
Miscellaneous
 K - a box of beasts


   Skills:
 + Level 5.5 Fighting
 + Level 7.4 Short Blades
 + Level 9.1 Dodging
 + Level 11.0 Stealth
 + Level 8.3 Spellcasting
 + Level 8.6 Hexes
 + Level 8.4 Evocations


You had 18 spell levels left.
You knew the following spells:

 Your Spells              Type           Power      Damage    Failure   Level
a - Ensorcelled Hibernat  Hex/Ice        64%        N/A       10%         2
b - Confusing Touch       Hex            36%        N/A       4%          3
c - Passwall              Erth           7%         N/A       52%         3

Your spell library contained the following spells:

 Spells                   Type           Power      Damage    Failure   Level
 Tukima's Dance           Hex            36%        N/A       4%          3
 Dazzling Flash           Conj/Hex       42%        N/A       16%         3
 Sandblast                Erth           14%        2d6       26%         1
 Scorch                   Fire           14%        2d5       34%         2
 Stone Arrow              Conj/Erth      14%        3d7       52%         3
 Silence                  Hex/Air        10%        N/A       65%         5
 Brom's Barrelling Bould  Conj/Erth      7%         2d3       87%         4
 Flame Wave               Conj/Fire      7%         2d5       87%         4
 Passage of Golubria      Tloc           7%         N/A       87%         4
 Summon Cactus Giant      Summ           3%         N/A       100%        6
 Malign Gateway           Summ/Tloc      3%         N/A       100%        7
 Lehudib's Crystal Spear  Conj/Erth      3%         10d3      100%        8
 Summon Horrible Things   Summ           3%         N/A       100%        8


Dungeon Overview and Level Annotations

Branches:
Dungeon (10/15)            Temple (1/1) D:4            Lair (0/5) D:9
  Sewer (visited)         Ossuary (visited)
    Orc: D:9-12

Altars:
Ashenzari
Cheibriados
Dithmenos
Elyvilon
Fedhas
Gozag
Hepliaklqana
Kikubaaqudgha
Makhleb
Nemelex Xobeh
Okawaru
Qazlal
Sif Muna
Trog
Uskayaw
Vehumet
Wu Jian
Xom
Yredelemnul
The Shining One

Shops:
D:1 *[   D:8 (

Annotations:
D:10 Harold


Innate Abilities, Weirdness & Mutations

You are very small and have problems with some larger weapons.
You are too small for most types of armour.
You have supernaturally acute eyesight. (SInv)
You cover ground extremely quickly. (Speed+++)


Message History

You finish putting on your +0 cloak.
There is an open door here.
There is an open door here.
There is an open door here.
There is a stone staircase leading down here.
You climb downwards.
There is a stone staircase leading up here.
Done exploring.
Done exploring.
There is a stone staircase leading down here.
You climb downwards.
There is a stone staircase leading up here.
Done exploring.
Done exploring.
There is a stone staircase leading down here.
You climb downwards.
There is a stone staircase leading up here.
You now have 2678 gold pieces (gained 15).
Harold the Weathered comes into view.
He is wielding a +2 battleaxe of draining and quivering 3 throwing nets.
Okay, then.
Found a stone staircase leading down.
Found 19 gold pieces.
The helpless Harold fails to defend himself.
You perforate Harold like a sieve!!!
Harold is severely wounded.
Harold hits you with a +2 battleaxe of draining!!
Ouch! That really hurt!
You feel drained.
Casting: Ensorcelled Hibernation (safe; 10% risk of failure)
Confirm with . or Enter, or press ? or * to list all spells.
You don't know that spell.
Casting: Ensorcelled Hibernation (safe; 10% risk of failure)
Confirm with . or Enter, or press ? or * to list all spells.
Your hands begin to glow red.
Harold hits you with a +2 battleaxe of draining!
* * * LOW HITPOINT WARNING * * *
You feel drained.
You die...
Harold sighs, "Nothing for old Harold but hiking after this."
Your body crumbles into a pile of gold.

... ..# . ..##..# .. ..
....$. ... ... #....##...
.>..##.........
............. .....#@...#
.....#.@..# ........#.#
..........# # ##
#.........## ..# ##.
#.........##..###
....####................
.#...#.........##.......#
.#.................#.####
.....<............####


You could see Harold.

Vanquished Creatures
  Erolcha (D:9)
  Pikel (D:7)
  2 ugly things (D:8)
  Maurice (D:7)
  Joseph (D:7)
  An unseen horror (D:8)
  Jeremiah (D:7)
  A troll (D:9)
  Sigmund (D:6)
  A wraith (D:8)
  9 yaks (D:9)
  A wyvern (D:9)
  A steam dragon (D:9)
  Grum (D:8)
  Duvessa (D:7)
  A black bear (D:4)
  A laughing skull (D:8)
  2 crocodiles (Sewer)
  A centaur (D:9)
  3 wolves (D:8)
  A lemure (D:7)
  A phantom (D:7)
  A kobold brigand (D:7)
  A weeping skull (Ossuary)
  4 elf zombies (Ossuary)
  4 bullfrogs
  5 scorpions
  3 gnoll sergeants
  Dowan (D:7)
  3 wights (D:4)
  6 killer bees (D:9)
  A human zombie (Ossuary)
  3 quasits (D:5)
  2 centaur zombies (Ossuary)
  A jelly (D:4)
  4 hounds
  A gnoll bouda (D:4)
  4 orc priests
  2 iguanas (D:6)
  3 orc wizards
  A sickly merfolk siren (Sewer)
  A malarious merfolk avatar (Sewer)
  A bullfrog simulacrum (Ossuary)
  A crocodile zombie (Ossuary)
  A hound zombie (Ossuary)
  3 mummies (Ossuary)
  21 gnolls
  5 adders
  A river rat (Sewer)
  A shadow imp (D:8)
  5 white imps
  4 ufetubi
  4 adder zombies (Ossuary)
  2 ribbon worms
  2 dart slugs
  12 orcs
  9 ball pythons
  5 bats
  8 endoplasms
  9 giant cockroaches
  2 gnoll zombies (Ossuary)
  8 goblins
  4 hobgoblins
  4 quokkas
  5 ball python zombies (Ossuary)
  7 frilled lizards
  3 jackal zombies (Ossuary)
  7 kobolds
  4 kobold zombies (Ossuary)
  An orc zombie (Ossuary)
  28 rats
  A spectral goblin (D:5)
253 creatures vanquished.

Notes
Turn   | Place    | Note
-------+----------+-------------------------------------------
     0 | D:1      | Gadfly the Spriggan Enchanter began the quest for the Orb.
     0 | D:1      | Reached XP level 1. HP: 9/9 MP: 5/5
   106 | D:1      | Found Keokum's Antique Armour Shop.
   122 | D:1      | Reached XP level 2. HP: 13/13 MP: 6/6
   125 | D:1      | Learned a level 2 spell: Ensorcelled Hibernation
   179 | D:1      | Found Zuku Iro's General Store.
   535 | D:2      | Reached skill level 1 in Evocations
   573 | D:2      | Reached XP level 3. HP: 12/17 MP: 4/8
   779 | D:2      | Reached skill level 1 in Fighting
   841 | D:2      | Reached skill level 5 in Stealth
   841 | D:2      | Reached XP level 4. HP: 16/22 MP: 0/9
  1057 | D:2      | Learned a level 3 spell: Confusing Touch
  1193 | D:3      | Found a glowing drain.
  1224 | Sewer    | Entered a sewer
  1463 | Sewer    | Noticed a crocodile
  1502 | Sewer    | Killed a crocodile
  1503 | Sewer    | Reached XP level 5. HP: 21/25 MP: 5/11
  1586 | Sewer    | Noticed a crocodile
  1617 | Sewer    | Killed a crocodile
  1618 | Sewer    | Reached XP level 6. HP: 30/30 MP: 5/12
  2164 | D:3      | Found a faded altar of an unknown god.
  3627 | D:4      | Found a staircase to the Ecumenical Temple.
  3638 | D:4      | Reached skill level 6 in Stealth
  3640 | Temple   | Entered the Ecumenical Temple
  3656 | Temple   | Became a worshipper of Gozag Ym Sagoz the Greedy
  3861 | D:4      | Reached XP level 7. HP: 35/35 MP: 5/14
  3869 | D:4      | Reached skill level 5 in Hexes
  3906 | D:4      | Identified a scroll of acquirement
  3908 | D:4      | Acquired 586 gold pieces
  4529 | D:4      | Reached skill level 5 in Dodging
  5324 | D:1      | Bought a potion of might for 48 gold pieces
  5343 | D:1      | Bought a +2 rapier of speed for 288 gold pieces
  5345 | D:1      | Acquired 761 gold pieces
  5419 | D:5      | Entered Level 5 of the Dungeon
  5643 | D:5      | Found a sand-covered staircase.
  5654 | Ossuary  | Entered an ossuary
  5711 | Ossuary  | Reached XP level 8. HP: 39/39 MP: 16/16
  5826 | Ossuary  | Reached skill level 7 in Stealth
  5826 | Ossuary  | Reached skill level 5 in Spellcasting
  6281 | D:5      | Reached skill level 5 in Evocations
  6667 | D:5      | Found a hazy altar of Hepliaklqana.
  7213 | D:6      | Identified the +11 falchion "Demonslayer" {drain, rElec
                  | rN++ Will+ Dex-5}
  7303 | D:6      | Noticed Sigmund
  7358 | D:6      | Killed Sigmund
  7359 | D:6      | Reached skill level 5 in Short Blades
  7359 | D:6      | Reached skill level 8 in Stealth
  7359 | D:6      | Reached XP level 9. HP: 44/44 MP: 13/18
  8208 | D:7      | Noticed Joseph
  8214 | D:7      | Killed Joseph
  8337 | D:7      | Noticed Pikel
  8348 | D:7      | Killed Pikel
  8349 | D:7      | Reached skill level 9 in Stealth
  8479 | D:7      | Noticed Maurice
  8486 | D:7      | Killed Maurice
  8549 | D:7      | Noticed Jeremiah
  8564 | D:7      | Killed Jeremiah
  8576 | D:7      | Reached XP level 10. HP: 42/48 MP: 13/21
  8846 | D:7      | Noticed Duvessa
  8847 | D:7      | Noticed Dowan
  8851 | D:7      | Killed Duvessa
  8860 | D:7      | Killed Dowan
  9310 | D:8      | Noticed a red ugly thing
  9317 | D:8      | Noticed a brown ugly thing
  9326 | D:8      | Killed a green ugly thing
  9461 | D:8      | Identified the +0 plate armour of the Distant Future {Harm
                  | rElec rN++ Str-2}
  9485 | D:8      | Killed a brown ugly thing
  9486 | D:8      | Reached skill level 10 in Stealth
  9618 | D:8      | Found an ornate altar of the Wu Jian Council.
  9629 | D:8      | Found a hide-covered altar of Uskayaw.
  9863 | D:8      | Found Jemuzuyw's Weapon Emporium.
  9873 | D:8      | Noticed Grum
  9900 | D:8      | Killed Grum
  9901 | D:8      | Reached skill level 5 in Fighting
 10595 | D:9      | Found a staircase to the Lair.
 10620 | D:9      | Reached XP level 11. HP: 56/56 MP: 18/24
 10767 | D:9      | Noticed Erolcha
 10781 | D:9      | Killed Erolcha
 10924 | D:5      | Learned a level 3 spell: Passwall
 10969 | D:5      | Reached skill level 11 in Stealth
 11314 | D:10     | Entered Level 10 of the Dungeon
 11530 | D:10     | Noticed Harold
 11538 | D:10     | Slain by Harold

Illustrated notes

Levels and vault maps discovered:
D:1:      dpeg_arrival_tiny_a, layout_rooms, serial_shops, shop, shop
D:2:      layout_basic
D:3:      layout_loops_ring, portal_sewer_entry_b,
          shapermc_ecumenical_altar_flowoftime
D:4:      layout_basic, temple_fountains
D:5:      cheibrodos_quashed, layout_loops_ring,
          nicolae_hepliaklqana_monster_ancestors,
          mainiacjoe_ossuary_entry_dusty_tomb, minmay_misc_feat_plants,
          minmay_statues_item
D:6:      layout_loops_ring, uniq_sigmund
D:7:      layout_basic, uniq_maurice, uniq_duvessa, uniq_joseph, uniq_jeremiah,
          uniq_pikel
D:8:      minmay_bloctagon_deflated, layout_loops_cross,
          amethyst_overflow_temple_binary, serial_shops, shop, uniq_grum
D:9:      layout_cave_pools, dpeg_oklobed_lair, uniq_erolcha
D:10:     layout_cave_pools, lemuel_round_altar, marbit_many_paths, uniq_harold
Temple:   nicolae_temple_bog_church

Skill      XL: |  1  2  3  4  5  6  7  8  9 10 11 |
---------------+----------------------------------+-----
Dodging        | 3 4 5 6 7 8 9 |  9.1
Evocations     | 1 2 3 4 5 6 8 |  8.4
Spellcasting   | 3 4 5 7 8 |  8.3
Hexes          | 4 5 6 7 8 |  8.6
Fighting       | 1 2 3 4 5 |  5.5
Short Blades   | 2 3 5 6 7 |  7.4
Stealth        | 5 6 8 9 10 11 | 11.0

Action                     |  1- 3 |  4- 6 |  7- 9 | 10-12 || total
---------------------------+-------+-------+-------+-------++-------
  Melee: Short sword       |    92 |    40 |   214 |       ||   346
         Dagger            |       |   179 |   131 |   173 ||   483
         Punch             |       |     2 |     4 |       ||     6
         Rapier            |       |       |    51 |       ||    51
   Cast: Ensorcelled Hiber |     6 |    22 |    78 |    41 ||   147
         Confusing Touch   |       |     1 |     4 |     7 ||    12
         Passwall          |       |       |       |     2 ||     2
Ability: Evoke Invisibilit |       |       |     1 |     1 ||     2
    Use: Scroll            |     2 |     9 |     8 |     3 ||    22
         Potion            |       |     1 |     1 |       ||     2
   Stab: Sleeping          |     7 |    23 |    53 |    36 ||   119
         Distracted        |       |     1 |     3 |     2 ||     6
         Confused          |       |     1 |     3 |     4 ||     8
         Invisible         |       |     1 |     5 |     3 ||     9
 Armour: Robe              |    28 |    58 |   133 |    81 ||   300
  Dodge: Dodged            |    85 |   124 |   285 |   235 ||   729
